 Dungeon Crawl Stone Soup version 0.28.0-45-g0d030f2227 (webtiles) character file.

Game seed: 15079849708522827316

3 Gwenloh the Charlatan (level 1, 0/16 HPs)
             Began as a Hill Orc Artificer on May 11, 2022.
             Slain by a kobold
             ... wielding a +0 dagger
              (2 damage)
             ... on level 1 of the Dungeon.
             The game lasted 00:03:08 (103 turns).

Gwenloh the Charlatan (Hill Orc Artificer)           Turns: 103, Time: 00:03:08

Health: 0/16       AC:  3    Str: 14    XL:     1   Next: 50%
Magic:  1/1        EV: 11    Int: 11    God:
Gold:   0          SH:  0    Dex: 11    Spells: 0/0 levels left

rFire   . . .      SeeInvis .   a - +0 club
rCold   . . .      Faith    .   (no shield)
rNeg    . . .      Spirit   .   b - +0 leather armour
rPois   .          Reflect  .   (no helmet)
rElec   .          Harm     .   (no cloak)
rCorr   .          Rampage  .   (no gloves)
Will    .....                   (no boots)
Stlth   +.........              (no amulet)
HPRegen 0.05/turn               (no ring)
MPRegen 0.07/turn               (no ring)

@: no status effects
A: no striking features
a: no special abilities


You were on level 1 of the Dungeon.
You visited 1 branch of the dungeon, and saw 1 of its levels.

Inventory:

Hand Weapons
 a - a +0 club (weapon)
Armour
 b - a +0 leather armour (worn)
Wands
 c - a wand of flame (12) (quivered)
 d - a wand of charming (15)
Potions
 f - a potion of mutation {unknown}
Miscellaneous
 e - a piece from Xom's chessboard (14/15)


   Skills:
 + Level 1.3 Fighting
 + Level 2.2 Armour
 + Level 0.9 Dodging
 - Level 0.7 Stealth
 + Level 3.0 Evocations


You couldn't memorise any spells.
You didn't know any spells.
Your spell library contained the following spells:

 Spells                   Type           Power      Damage    Failure   Level
 Ozocubu's Armour         Ice            0%         N/A       78%         3
 Metabolic Englaciation   Hex/Ice        0%         N/A       100%        5
 Simulacrum               Ice/Necr       0%         N/A       100%        6


Dungeon Overview and Level Annotations

Branches:
Dungeon (1/15)

Altars:


Message History

The ball python bites you. The ball python constricts you.
The kobold hits you but does no damage.
You are too injured to fight recklessly!
You escape the ball python's grasp.
Things that are here:
a +0 dagger; a kobold corpse The ball python barely misses you.
The ball python closely misses you.
Aiming: Throw Flame
Press: ? - help, Shift-Dir - straight line, f - ball python
Aim: a ball python (68% to hit)
The puff of flame hits the ball python!
You kill the ball python!
Aiming: Throw Flame
Press: ? - help, Shift-Dir - straight line, f - kobold
Aim: a kobold, wielding a +0 dagger (64% to hit)
The puff of flame misses the kobold.
The kobold barely misses you.
A kobold is nearby!
A kobold is nearby!
You hit the kobold.
The kobold is moderately wounded.
The kobold barely misses you.
You hit the kobold but do no damage.
The kobold is moderately wounded.
The kobold hits you but does no damage.
You hit the kobold.
The kobold is heavily wounded.
The kobold hits you with a +0 dagger.
You barely miss the kobold.
The kobold is heavily wounded.
The kobold hits you with a +0 dagger.
* * * LOW HITPOINT WARNING * * *
The kobold completely misses you.
You barely miss the kobold.
The kobold is heavily wounded.
The kobold hits you with a +0 dagger.
* * * LOW HITPOINT WARNING * * *
You completely miss the kobold.
The kobold is heavily wounded.
The kobold hits you with a +0 dagger.
You die...

## #.#..... #.##....#.#
...#....#.# .##
..........# ... ..........
#.# #...... ###.#
#...###...######
#...)K@........#
##+######.#......##.#
##...## #.#......##.#
##.....## #.#....#.##.#
##.......###.#......##.#
###.........##.#...#..##.#
. +.........'............#
# #.........##........####
# ##.......######.##.##


You could see a kobold.

Vanquished Creatures
  A ball python (D:1)
  An endoplasm (D:1)
  A kobold (D:1)
3 creatures vanquished.

Notes
Turn   | Place    | Note
-------+----------+-------------------------------------------
     0 | D:1      | Gwenloh the Hill Orc Artificer began the quest for the Orb.
     0 | D:1      | Reached XP level 1. HP: 16/16 MP: 1/1
   103 | D:1      | Slain by a kobold

Illustrated notes

Levels and vault maps discovered:
D:1:      nzn_arrival_water_spiral, layout_loops_corners

Action                   || total
-------------------------++-------
Melee: Club              ||    20
Evoke: Wand              ||     3
       Piece from Xom's  ||     1
Armor: Leather armour    ||     9
Dodge: Dodged            ||    11
